 Dungeon Crawl Stone Soup version 0.23-a0-639-ga9a3373214 (webtiles) character file.

229 Napalmbreeze the Chopper (level 5, -1/42 HPs)
             Began as a Demonspawn Monk on Dec 29, 2018.
             Succumbed to a scorpion's poison
             ... on level 4 of the Dungeon.
             The game lasted 00:09:22 (4210 turns).

Napalmbreeze the Chopper (Demonspawn Monk)          Turns: 4210, Time: 00:09:23

Health: -1/42      AC:  5    Str: 12    XL:     5   Next: 71%
Magic:  13/14      EV: 17    Int: 12    God:
Gold:   148        SH:  0    Dex: 20    Spells: 4/4 levels left

rFire    . . .     SeeInvis .   a - +0 hand axe
rCold    . . .     Gourm    .   (no shield)
rNeg     . . .     Faith    .   k - +0 ring mail {MR+}
rPois    .         Spirit   +   (no helmet)
rElec    .         Reflect  .   (no cloak)
rCorr    .         Harm     .   (no gloves)
MR       +....                  (no boots)
Stlth    +++.......             (no amulet)
HPRegen  0.14/turn              l - ring of magical power
MPRegen  0.14/turn              (no ring)

@: agile, lethally poisoned (-1 -> -16), very slightly contaminated, invisible
A: magic shield
a: no special abilities


You were on level 4 of the Dungeon.
You were not hungry.

You visited 1 branch of the dungeon, and saw 4 of its levels.

You collected 148 gold pieces.

Inventory:

Hand Weapons
 a - a +0 hand axe (weapon)
 g - a +0 spear
Missiles
 d - 167 stones (quivered)
Armour
 k - a +0 ring mail of magic resistance (worn)
 o - a +0 shield
Jewellery
 l - a ring of magical power (left hand)
 p - an uncursed ring of stealth {unknown}
Scrolls
 e - 4 scrolls of identify {unknown}
 h - a scroll of remove curse {unknown}
 i - a scroll of amnesia {unknown}
 j - 4 scrolls of teleportation {unknown}
 n - a scroll of immolation {unknown}
Comestibles
 c - a ration
 f - 4 chunks of flesh


   Skills:
 + Level 3.9 Fighting
 * Level 4.2 Axes
 + Level 2.0 Armour
 + Level 3.5 Dodging
 - Level 1.7 Stealth
 + Level 0.4 Shields


You had 4 spell levels left.
You didn't know any spells.
Your spell library was empty.

Dungeon Overview and Level Annotations

Branches:
Dungeon (4/15)
 Temple: D:4-7

Altars:
Xom

Annotations:
D:4 exclusion: ogre


Innate Abilities, Weirdness & Mutations

When hurt, damage is shared between your health and your magic reserves.


Message History

You feel agile all of a sudden.
* * * LOW HITPOINT WARNING * * *
You feel sick. The scorpion misses you.
It was a potion of magic.
Magic courses through your body.
* * * LOW HITPOINT WARNING * * *
You feel sick. The scorpion misses you.
It was a potion of invisibility.
You fade into invisibility!
* * * LOW HITPOINT WARNING * * *
You feel sick. The scorpion stings you.
You are very lightly contaminated with residual magic.
Unknown command.
You closely miss the scorpion.
The scorpion is almost dead.
* * * LOW HITPOINT WARNING * * *
You feel sick.
The scorpion stings you but does no damage.
You hit the scorpion but do no damage.
The scorpion is almost dead.
You die...

# ...
.....#######
......s@...#
.....#####.#
... #.# .
#.# #.# #.#
#.# #.# #.#


You could see a scorpion.

Vanquished Creatures
  A howler monkey (D:3)
  9 adders
  An ooze (D:2)
  2 worms (D:2)
  3 dart slugs (D:1)
  A leopard gecko (D:1)
  9 orcs (D:3)
  7 giant cockroaches
  9 goblins
  5 hobgoblins
  11 jackals
  2 quokkas (D:3)
  2 ball pythons
  8 bats
  2 frilled lizards
  7 kobolds
  A leopard gecko skeleton (D:4)
  9 rats
89 creatures vanquished.

Notes
Turn   | Place    | Note
-------+----------+-------------------------------------------
     0 | D:1      | Napalmbreeze the Demonspawn Monk began the quest for the
                  | Orb.
     0 | D:1      | Reached XP level 1. HP: 18/18 MP: 1/1
   171 | D:1      | Gained mutation: When hurt, damage is shared between your
                  | health and your magic reserves. [demonic ancestry]
   171 | D:1      | Reached XP level 2. HP: 21/24 MP: 2/2
   197 | D:1      | Reached skill level 3 in Axes
   828 | D:1      | Reached XP level 3. HP: 27/29 MP: 3/3
  1286 | D:1      | Reached skill level 1 in Armour
  1804 | D:1      | Reached XP level 4. HP: 27/35 MP: 4/4
  2396 | D:2      | Found a faded altar of an unknown god.
  3240 | D:3      | Reached XP level 5. HP: 40/42 MP: 5/5
  3409 | D:3      | Reached skill level 4 in Axes
  3783 | D:3      | Found a shimmering altar of Xom.
  3971 | D:4      | Noticed an ogre
  4208 | D:4      | HP: 2/42 [poisoned by a scorpion]
  4210 | D:4      | Succumbed to a scorpion's poison

Vault maps used:
D:1:      nzn_arrival_crosshair, serial_co_window_serial, co_window_paths_b,
          co_window_of_opportunity_a, co_window_paths_a,
          co_window_of_opportunity_a, co_window_of_opportunity_a,
          co_window_broadway_a, co_window_2corner, co_window_unsneaky_path_a,
          co_window_unsneaky_path_b, co_window_4corner_b, co_window_paths_d,
          glass_columns_c, glass_columns_a, glass_columns_c, glass_columns_a,
          glass_columns_a
D:2:      chequers_ecumenical_altar_simple, amethyst_killhole
D:3:      lemuel_coloured_pillars_altar, serial_bayou_pond_c
D:4:      minmay_temple_entry_butterflies

Skill      XL: |  1  2  3  4  5 |
---------------+----------------+-----
Axes           | 3 4 |  4.2
Armour         | 1 2 |  2.0
Dodging        | 3 |  3.5
Fighting       | |  3.9
Stealth        | |  1.7
Shields        | |  0.4

Action                   |  1- 3 |  4- 6 || total
-------------------------+-------+-------++-------
Melee: Hand axe          |   141 |   260 ||   401
Throw: Stone             |     3 |     7 ||    10
  Use: Potion            |       |     3 ||     3
 Stab: Sleeping          |     3 |     1 ||     4
  Eat: Chunk             |     2 |     9 ||    11
Armor: Robe              |    22 |       ||    22
       Ring mail         |    27 |    72 ||    99
Dodge: Dodged            |   106 |   164 ||   270

Table legend:
 A = Non-vault XP
 B = Vault XP
 C = Vault XP percentage of total XP
 D = Non-vault monster count
 E = Vault monster count
 F = Vault count percentage of total count
                 A         B        C        D         E       F
            +---------+---------+-------+---------+---------+-------
      Total |     328 |       0 |   0.0 |      89 |       0 |   0.0
            +---------+---------+-------+---------+---------+-------
        D:1 |      79 |       0 |   0.0 |      37 |       0 |   0.0
        D:2 |     106 |       0 |   0.0 |      25 |       0 |   0.0
        D:3 |     140 |       0 |   0.0 |      25 |       0 |   0.0
        D:4 |       3 |       0 |   0.0 |       2 |       0 |   0.0
            +---------+---------+-------+---------+---------+-------
